 Dungeon Crawl Stone Soup version 0.19.5 (webtiles) character file.

639 Santreim the Shield-Bearer (level 7, -1/61 HPs)
             Began as a Minotaur Fighter on Mar 17, 2017.
             Slain by a gnoll sergeant
             ... wielding a +0 spear
              (8 damage)
             ... on level 4 of the Dungeon.
             The game lasted 00:11:32 (3166 turns).

Santreim the Shield-Bearer (Minotaur Fighter)       Turns: 3166, Time: 00:11:32

Health: -1/61      AC:  9    Str: 25    XL:     7   Next: 25%
Magic:  6/6        EV:  9    Int:  5    God:
Gold:   146        SH: 11    Dex: 14    Spells: 0 memorised, 6 levels left

rFire  . . .     SeeInvis .     a - +0 flail
rCold  . . .     Gourm    .     b - +0 scale mail
rNeg   . . .     Faith    .     c - +0 shield
rPois  .         Spirit   .     (helmet restricted)
rElec  .         Reflect  .     (no cloak)
rCorr  .         Harm     .     k - +1 pair of gloves
MR     +....                    (no boots)
Stlth  ..........               (no amulet)
                                o - +2 ring of dexterity
                                m - ring of protection from magic

@: mighty
A: retaliatory headbutt, horns 2
a: no special abilities


You were on level 4 of the Dungeon.
You were not hungry.

You visited 1 branch of the dungeon, and saw 4 of its levels.

You collected 146 gold pieces.

Inventory:

Hand Weapons
 a - a +0 flail (weapon)
 v - a +2 mace of crushing
 w - a +0 spear of piercing
Missiles
 u - 6 tomahawks (quivered)
Armour
 b - a +0 scale mail (worn)
 c - a +0 shield (worn)
 k - a +1 pair of gloves (worn)
Jewellery
 j - an uncursed ring of poison resistance
 m - a ring of protection from magic (left hand)
 o - a +2 ring of dexterity (right hand)
Scrolls
 h - 2 scrolls of remove curse
 n - 2 scrolls of identify
Potions
 e - a potion of lignification {unknown}
 g - a potion of resistance {unknown}
 l - a potion of agility {unknown}
 q - a potion of mutation {unknown}
 s - a potion of haste {unknown}
 t - 2 potions of curing {unknown}
Books
 p - a book of Changes

   Spells                             Type                      Level
   a - Beastly Appendage              Transmutation                1
   b - Sticks to Snakes               Transmutation                2
   c - Spider Form                    Transmutation/Poison         3
   d - Ice Form                       Ice/Transmutation            4
   e - Blade Hands                    Transmutation                5
Comestibles
 f - 2 bread rations
 i - 3 meat rations
 r - a beef jerky
 x - a chunk of flesh


   Skills:
 + Level 5.5 Fighting
 + Level 5.5 Maces & Flails
 + Level 5.8 Armour
 - Level 1.4 Dodging
 + Level 5.8 Shields


You had 6 spell levels left.
You didn't know any spells.

Dungeon Overview and Level Annotations

Branches:
Dungeon (4/15)
 Temple: D:4-7

Altars:


Innate Abilities, Weirdness & Mutations

You reflexively headbutt those who attack you in melee.
You have a pair of horns on your head.


Message History

The gnoll sergeant is moderately wounded.
The gnoll hits you with a flail!
* * * LOW HITPOINT WARNING * * *
You block the gnoll sergeant's attack.
You hit the gnoll. Your headbutt misses the gnoll.
The gnoll is severely wounded.
The gnoll hits you but does no damage.
The gnoll sergeant hits you with a spear.
* * * LOW HITPOINT WARNING * * *
You closely miss the gnoll sergeant.
Your headbutt misses the gnoll sergeant.
The gnoll sergeant is moderately wounded.
The gnoll hits you with a flail.
* * * LOW HITPOINT WARNING * * *
The gnoll sergeant closely misses you.
You feel very mighty all of a sudden.
You barely miss the gnoll. You headbutt the gnoll.
You kill the gnoll!
The gnoll sergeant hits you with a spear!
You die...

#.........# #.# .
#.#######.# #.# . # #.#
#>###.####.# ≈≈ #.#
#.........###≈≈≈ #.#
#####.###....≈≈.
#.###########.# ...≈≈..
#.............###..≈....
###..###########gogg.≈..≈≈
.##..# #@#gg..≈≈.. .##..#
#.#o......⌠ .##..#
#.#..go..≈≈ .##..#
#.##(.gg≈.. .##..# #.#
....≈.. .....# #.# ....g≈≈
.....###########.# .......
.##..............#
.##.###########


You could see a gnoll sergeant, an orc priest and 2 gnolls.

Vanquished Creatures
  Sigmund (D:2)
  A big kobold (D:4)
  A centaur skeleton (D:4)
  3 orc priests (D:3)
  3 worker ants (D:4)
  A hound skeleton (D:4)
  5 gnolls
  8 adders
  An ooze (D:2)
  An adder skeleton (D:4)
  3 dart slugs
  2 leopard geckos (D:3)
  8 orcs
  6 giant cockroaches
  9 goblins
  9 hobgoblins
  6 jackals
  4 kobolds
  A quokka (D:2)
  3 bats
  6 frilled lizards
  A quokka skeleton (D:4)
  2 rats (D:3)
85 creatures vanquished.

Notes
Turn   | Place    | Note
-------+----------+-------------------------------------------
     0 | D:1      | Santreim the Minotaur Fighter began the quest for the Orb.
     0 | D:1      | Reached XP level 1. HP: 19/19 MP: 0/0
   264 | D:1      | Reached XP level 2. HP: 21/27 MP: 1/1
   948 | D:2      | Reached XP level 3. HP: 33/33 MP: 2/2
  1304 | D:2      | Reached XP level 4. HP: 36/41 MP: 3/3
  1490 | D:2      | Noticed Sigmund
  1501 | D:2      | Killed Sigmund
  1501 | D:2      | Reached skill level 1 in Dodging
  1501 | D:2      | Reached skill level 5 in Shields
  1501 | D:2      | Reached XP level 5. HP: 34/47 MP: 4/4
  2107 | D:3      | Reached XP level 6. HP: 53/53 MP: 5/5
  2216 | D:3      | Reached skill level 5 in Armour
  2226 | D:3      | Reached skill level 5 in Fighting
  2607 | D:3      | Reached skill level 5 in Maces & Flails
  3139 | D:4      | Reached XP level 7. HP: 61/61 MP: 6/6
  3166 | D:4      | Slain by a gnoll sergeant

Skill      XL: |  1  2  3  4  5  6 |
---------------+-------------------+-----
Shields        | 4 5 |  5.8
Armour         | 4 5 |  5.8
Fighting       | 4 5 |  5.5
Maces & Flails | 3 4 5 |  5.5
Dodging        | 1 |  1.4

Action                   |  1- 3 |  4- 6 |  7- 9 || total
-------------------------+-------+-------+-------++-------
Melee: Flail             |    59 |   137 |    16 ||   212
       Headbutt          |    10 |    27 |     3 ||    40
  Use: Scroll            |     2 |     5 |       ||     7
       Potion            |       |       |     1 ||     1
  Eat: Chunk             |     1 |     1 |       ||     2
       Meat ration       |       |     1 |       ||     1
Armor: Scale mail        |    30 |    68 |     5 ||   103
Dodge: Dodged            |    17 |    53 |    11 ||    81
Block: Shield            |    36 |    86 |    11 ||   133
